 Dungeon Crawl Stone Soup version 0.23.2-33-g5129a83184 (webtiles) character file.

Game seed: 16982164510569779270

55335 Scypier the Severer (level 14, -1/132 HPs)
             Began as a Hill Orc Monk on July 1, 2019.
             Was a High Priest of Beogh (penitent).
             Hit by a tomahawk thrown by Learuk (6 damage)
             ... on level 12 of the Dungeon.
             The game lasted 00:48:32 (30510 turns).

Scypier the Severer (Hill Orc Monk)                Turns: 30510, Time: 00:48:33

Health: -1/132     AC: 24    Str: 22    XL:     14   Next: 76%
Magic:  21/23      EV:  6    Int: 10    God:    Beogh [*]
Gold:   767        SH: 17    Dex: 13    Spells: 13/13 levels left

rFire    + . .     SeeInvis +   O - +1 war axe
rCold    x . .     Gourm    .   k - +1 large shield
rNeg     . . .     Faith    .   x - +0 plate armour
rPois    .         Spirit   .   z - +1 helmet {SInv}
rElec    .         Reflect  .   A - +0 cloak
rCorr    .         Harm     .   M - +1 pair of gloves
MR       +....                  J - +0 pair of boots "Vowiw" {Str+3} (curse)
Stlth    ..........             (no amulet)
HPRegen  0.32/turn              T - ring of fire
MPRegen  0.18/turn              P - +1 ring of evasion

@: lethally poisoned (-1 -> -2)
A: no striking features
a: Renounce Religion


You were on level 12 of the Dungeon.
You worshipped Beogh.
Beogh was demanding penance.
You were hungry.

You visited 4 branches of the dungeon, and saw 21 of its levels.

You collected 2080 gold pieces.
You spent 1313 gold pieces at shops.

Inventory:

Hand Weapons
 t - a +1 demon trident of venom
 D - the +6 dagger of Salt {flame, -Tele *Rage rN++ Int+8}
   (You found it on level 8 of the Dungeon)

   It has been specially enchanted to burn those struck by it, causing extra
   injury to most foes and up to half again as much damage against particularly
   susceptible opponents.
   It affects your intelligence (+8).
   It greatly protects you from negative energy.
   It prevents most forms of teleportation.
   It may make you go berserk in combat.
 N - a +6 flail of crushing
 O - a +1 war axe (weapon)
Armour
 k - a +1 large shield (worn)
 x - a +0 plate armour (worn)
 y - a +0 pair of boots
 z - a +1 helmet of see invisible (worn)
 A - a +0 cloak (worn)
 H - a +0 helmet
 J - the cursed +0 pair of boots "Vowiw" (worn) {Str+3}
   (You bought it in a shop on level 2 of the Orcish Mines)

   It affects your strength (+3).
   It has a curse placed upon it.
 M - a +1 pair of gloves (worn)
Jewellery
 l - an uncursed ring of poison resistance
 o - an uncursed ring of protection from magic
 u - an uncursed ring of resist corrosion
 E - an uncursed ring of protection from cold
 I - an uncursed ring of see invisible
 P - a +1 ring of evasion (right hand)
 T - a ring of fire (left hand)
Wands
 a - a wand of digging (5)
 h - a wand of polymorph (7)
 p - a wand of scattershot (2)
 w - a wand of flame (37)
 G - a wand of iceblast (25)
Scrolls
 b - 5 scrolls of fear
 e - 10 scrolls of remove curse
 m - 2 scrolls of fog {unknown}
 n - 5 scrolls of magic mapping
 q - 3 scrolls of enchant armour
 s - 5 scrolls of immolation
 v - 3 scrolls of teleportation
 B - 4 scrolls of enchant weapon
 C - a scroll of vulnerability
 K - 3 scrolls of identify
 Q - a scroll of random uselessness {unknown}
Potions
 d - 5 potions of flight
 f - a potion of lignification
 g - 3 potions of brilliance
 i - 6 potions of haste
 j - 3 potions of curing
 r - 6 potions of heal wounds
 F - 5 potions of agility
 L - 2 potions of might
 R - a potion of mutation
Comestibles
 c - 35 rations


   Skills:
 + Level 14.3 Fighting
 - Level 18.0 Axes
 + Level 12.9 Armour
 - Level 2.4 Dodging
 - Level 1.5 Stealth
 + Level 8.0 Shields
 + Level 12.8 Invocations


You had 13 spell levels left.
You didn't know any spells.
Your spell library contained the following spells:

 Spells                   Type           Power        Failure   Level  Hunger
 Animate Skeleton         Necr           N/A          100%        1    ##.....
 Apportation              Tloc           #.....       100%        1    ##.....
 Confusing Touch          Hex            #.....       100%        1    ##.....
 Flame Tongue             Conj/Fire      #....        100%        1    ##.....
 Magic Dart               Conj           #...         100%        1    ##.....
 Summon Small Mammal      Summ           #...         100%        1    ##.....
 Blink                    Tloc           N/A          100%        2    ###....
 Call Imp                 Summ           #.......     100%        2    ###....
 Slow                     Hex            #.......     100%        2    ###....
 Throw Flame              Conj/Fire      #.....       100%        2    ###....
 Conjure Flame            Conj/Fire      #.......     100%        3    ####...
 Inner Flame              Hex/Fire       #.......     100%        3    ####...
 Mephitic Cloud           Conj/Pois/Air  #.......     100%        3    ####...
 Recall                   Summ/Tloc      N/A          100%        3    ####...
 Animate Dead             Necr           N/A          100%        4    #####..
 Sticky Flame             Conj/Fire      #.......     100%        4    #####..
 Bolt of Magma            Conj/Fire/Erth #.........   100%        5    ######.
 Borgnjor's Vile Clutch   Necr/Erth      #.........   100%        5    ######.
 Fireball                 Conj/Fire      #.........   100%        5    ######.
 Iskenderun's Battlesphe  Conj/Chrm      #.......     100%        5    ######.
 Venom Bolt               Conj/Pois      #.........   100%        5    ######.
 Death Channel            Necr           #.........   100%        6    #######
 Iron Shot                Conj/Erth      #.........   100%        6    #######
 Simulacrum               Ice/Necr       #.........   100%        6    #######
 Orb of Destruction       Conj           #.........   100%        7    #######
 Spellforged Servitor     Conj/Summ      #.........   100%        7    #######


Dungeon Overview and Level Annotations

Branches:
Dungeon (12/15)            Temple (1/1) D:4            Lair (6/6) D:10
 Shoals (0/4) Lair:4        Snake (0/4) Lair:4        Slime (0/5) Lair:6
    Orc (2/2) D:11            Elf (0/3) Orc:2

Altars:
Ashenzari
Cheibriados
Dithmenos
Elyvilon
Fedhas
Gozag
Hepliaklqana
Kikubaaqudgha
Makhleb
Nemelex Xobeh
Okawaru
Qazlal
Ru
Sif Muna
Trog
Uskayaw
Vehumet
Wu Jian
Xom
Yredelemnul
Zin
The Shining One
Beogh
Jiyva

Shops:
D:7 %   Orc:1 ((*   Orc:2 [(=!%%!

Annotations:
D:12 Azrael


Message History

Learuk blocks your orc warrior's attack.
Learuk is engulfed in blazing flames.
You block Learuk's attack.
You feel sick.
Your orc warrior hits Learuk with a +0 scimitar!!
Learuk is engulfed in blazing flames.
Learuk throws a tomahawk.
The tomahawk barely misses your orc warrior.
The tomahawk hits you!
* * * LOW HITPOINT WARNING * * *
You see here a tomahawk.
Something hits your orc warrior!
Your orc warrior closely misses something.
Learuk throws a tomahawk.
The tomahawk barely misses your orc warrior.
You block the tomahawk.
Learuk blocks your orc warrior's attack.
Learuk throws a tomahawk.
The tomahawk completely misses your orc warrior.
The tomahawk hits you.
You die...
Beogh appreciates Learuk's killing of a heretic priest.

)........###
#.%...%.%%#
............
#}.°○..)%.# o........#
'..yEER%%%# o........#
#%yy.E%hE%# .........#
##o# ##.#######
####o.# ...# ##.(..##
#### ###..#### #
#..@## ####.#######
###########........(.#
..<....##...........<#
.......#..#..........#
.......'.##..........#
.......####..........#
.......# #..........#
.......# #(.........#


You could see Learuk the orc warlord (inner flame), a fire elemental and a
friendly orc warrior (inner flame).

Vanquished Creatures
  Rupert (Lair:6)
  3 hydras
  Erica (Lair:2)
  8 death yaks
  A two-headed ogre (D:11)
  Urug (D:11)
  An unseen horror (D:10)
  Pikel (D:7)
  An orc sorcerer (Orc:2)
  An oklob plant (Lair:6)
  A black mamba (Lair:6)
  3 elephants (Lair:5)
  Joseph (D:7)
  Psyche (D:11)
  8 spiny frogs
  A komodo dragon (Lair:6)
  A kobold demonologist (D:11)
  A rime drake (Lair:1)
  3 trolls
  6 polar bears
  3 meliai (D:12)
  A hippogriff (Lair:6)
  A dream sheep (Lair:5)
  2 blink frogs
  2 raiju (Lair:6)
  15 yaks
  A basilisk (Lair:6)
  A hungry ghost (D:7)
  A steam dragon (D:11)
  Edmund (D:6)
  3 wargs
  3 hell hounds (Lair:6)
  4 porcupines
  4 water moccasins
  6 orc warriors
  3 ice beasts (D:9)
  6 black bears
  2 eyes of draining (D:3)
  2 sky beasts
  A necrophage (D:4)
  2 phantoms
  4 wolves (Lair:6)
  6 ogres
  4 centaurs
  6 crocodiles
  8 bullfrogs
  2 gnoll sergeants
  4 scorpions
  17 killer bees
  A water moccasin skeleton (D:10)
  A wight (D:11)
  4 howler monkeys
  2 crimson imps
  A bullfrog zombie (D:5)
  4 lava snakes (Lair:4)
  A quasit (D:7)
  3 bullfrog skeletons
  8 hounds
  11 orc wizards
  3 jellies
  7 orc priests
  Crazy Yiuf (D:4)
  An iguana (D:4)
  Terence (D:3)
  4 centaur skeletons
  6 worker ants
  A hound skeleton (D:8)
  A hound zombie (D:3)
  2 worker ant zombies
  A howler monkey skeleton (D:4)
  8 gnolls
  8 adders
  2 shadow imps (D:5)
  2 oozes
  An adder zombie (D:8)
  A worm (D:2)
  An adder skeleton (D:4)
  4 dart slugs
  7 leopard geckos
  34 orcs
  2 ball pythons
  5 bats
  6 giant cockroaches
  8 hobgoblins
  10 jackals
  6 quokkas
  A ball python skeleton (D:6)
  8 frilled lizards
  10 goblins
  A jackal skeleton (D:4)
  14 kobolds
  8 rats
  2 fungi
  2 plants (Lair:6)
375 creatures vanquished.

Vanquished Creatures (collateral kills)
  Gastronok (Lair:1)
  An orc warlord (Orc:2)
  5 hydras
  A two-headed ogre (D:11)
  A centaur warrior (D:11)
  10 death yaks
  A deep elf mage (D:11)
  An ugly thing (D:12)
  A lindwurm (Lair:4)
  2 manticores (D:12)
  3 elephants
  3 black mambas
  2 molten gargoyles (Lair:4)
  A centaur skeleton (D:12)
  A gargoyle (D:11)
  A kobold demonologist (D:11)
  10 spiny frogs
  2 komodo dragons
  A tengu conjurer (D:11)
  2 trolls
  10 polar bears
  7 blink frogs
  5 dream sheep (Lair:5)
  A raiju (Lair:6)
  3 hippogriffs
  29 yaks
  2 wyverns
  4 basilisks
  A steam dragon (D:12)
  4 nagas (Lair:4)
  5 wargs
  12 hell hounds
  8 porcupines
  11 water moccasins
  8 orc warriors
  An ice beast (D:10)
  A sky beast (D:12)
  12 black bears
  13 wolves
  4 ogres
  A centaur (D:12)
  7 crocodiles
  4 big kobolds (D:11)
  A bullfrog (Lair:1)
  A gnoll sergeant (D:11)
  5 killer bees (D:12)
  3 wights (D:11)
  A lava snake (Lair:4)
  3 jellies
  5 orc priests
  2 orc wizards
  4 worker ants
  A hound skeleton (D:11)
  2 gnolls (D:11)
  10 orcs
  2 kobolds (D:11)
243 creatures vanquished.

Vanquished Creatures (others)
  An unseen horror (D:11)
  Menkaure (D:7)
  2 orc warriors (Orc:2)
  6 orc priests
  A human (D:6)
  A jelly (D:7)
  4 orc wizards
  2 adders (D:7)
  A shadow imp (D:7)
  32 orcs
  A giant cockroach (D:7)
  5 fungi
  15 plants
72 creatures vanquished.

Grand Total: 690 creatures vanquished

Notes
Turn   | Place    | Note
-------+----------+-------------------------------------------
     0 | D:1      | Scypier the Hill Orc Monk began the quest for the Orb.
     0 | D:1      | Reached XP level 1. HP: 19/19 MP: 1/1
   236 | D:1      | Reached XP level 2. HP: 23/27 MP: 2/2
   397 | D:1      | Reached skill level 1 in Armour
   625 | D:1      | Reached XP level 3. HP: 33/33 MP: 3/3
   663 | D:1      | Reached skill level 5 in Axes
  1282 | D:2      | Reached XP level 4. HP: 36/40 MP: 4/4
  1969 | D:2      | Reached XP level 5. HP: 24/47 MP: 5/5
  1974 | D:2      | Reached skill level 6 in Axes
  2468 | D:2      | Found a snail-covered altar of Cheibriados.
  3053 | D:3      | Noticed an eye of draining
  3054 | D:3      | Found a bloodstained altar of Trog.
  3054 | D:3      | Noticed an eye of draining
  3079 | D:3      | Killed an eye of draining
  3079 | D:3      | Reached skill level 5 in Fighting
  3079 | D:3      | Reached XP level 6. HP: 54/56 MP: 1/6
  3083 | D:3      | Killed an eye of draining
  3083 | D:3      | Reached skill level 7 in Axes
  3562 | D:3      | Noticed Terence
  3577 | D:3      | Killed Terence
  3928 | D:4      | Reached XP level 7. HP: 61/61 MP: 7/7
  4331 | D:4      | Found a radiant altar of Vehumet.
  4686 | D:4      | Reached skill level 8 in Axes
  5023 | D:4      | Found a runed translucent door.
  5024 | D:4      | Noticed Crazy Yiuf
  5257 | D:4      | Found a staircase to the Ecumenical Temple.
  5344 | D:4      | Killed Crazy Yiuf
  5443 | Temple   | Entered the Ecumenical Temple
  5876 | D:5      | Entered Level 5 of the Dungeon
  6064 | D:5      | Reached skill level 9 in Axes
  6064 | D:5      | Reached XP level 8. HP: 50/70 MP: 8/8
  6524 | D:5      | Reached skill level 5 in Armour
  6851 | D:5      | Found an opulent altar of Gozag.
  7317 | D:6      | Reached skill level 10 in Axes
  7988 | D:6      | Found an ancient bone altar of Kikubaaqudgha.
  8030 | D:6      | Noticed Edmund
  8079 | D:6      | Killed Edmund
  8399 | D:6      | Reached XP level 9. HP: 78/78 MP: 9/9
  8434 | D:7      | Reached skill level 11 in Axes
  8509 | D:7      | Noticed Pikel
  8602 | D:7      | Killed Pikel
  8641 | D:7      | Noticed Menkaure
  8756 | D:7      | Killed Menkaure
  8982 | D:7      | Found Vomnog's Food Emporium.
  9504 | D:7      | Found an iron altar of Okawaru.
  9504 | D:7      | Found a hazy altar of Hepliaklqana.
  9505 | D:7      | Found a shadowy altar of Dithmenos.
  9560 | D:7      | Became a worshipper of Beogh the Brigand
  9560 | D:7      | Reached * piety under Beogh
  9560 | D:7      | Reached ** piety under Beogh
  9720 | D:7      | Noticed Joseph
  9779 | D:7      | Killed Joseph
  9779 | D:7      | Reached skill level 12 in Axes
 10120 | D:8      | Found a burning altar of Makhleb.
 10202 | D:8      | Got a crystal dagger
 10797 | D:8      | Reached XP level 10. HP: 73/90 MP: 10/10
 11016 | D:8      | Found a shattered altar of Ashenzari.
 11121 | D:9      | Reached skill level 1 in Invocations
 11146 | D:9      | Found a blossoming altar of Fedhas.
 11172 | D:9      | Reached skill level 13 in Axes
 11190 | D:9      | Found an opulent altar of Gozag.
 11899 | D:9      | Found an ancient bone altar of Kikubaaqudgha.
 12099 | D:9      | Found an ancient bone altar of Kikubaaqudgha.
 12248 | D:9      | Found an opulent altar of Gozag.
 12248 | D:9      | Found a shimmering altar of Xom.
 12250 | D:9      | Found a snail-covered altar of Cheibriados.
 12250 | D:9      | Found a bloodstained altar of Trog.
 12250 | D:9      | Found an iron altar of Okawaru.
 12722 | D:10     | Entered Level 10 of the Dungeon
 13206 | D:10     | Killed an unseen horror
 13353 | D:10     | Found a staircase to the Lair.
 13496 | D:10     | Reached *** piety under Beogh
 13912 | D:10     | Reached skill level 14 in Axes
 15222 | D:10     | Reached skill level 10 in Fighting
 15250 | Lair:1   | Entered Level 1 of the Lair of Beasts
 15357 | Lair:1   | Noticed a spiny frog
 15361 | Lair:1   | Noticed a spiny frog
 15363 | Lair:1   | Killed a spiny frog
 15363 | Lair:1   | Reached skill level 5 in Invocations
 15364 | Lair:1   | Reached XP level 11. HP: 75/98 MP: 14/14
 15369 | Lair:1   | Gained Wargrak as an ally
 15390 | Lair:1   | Your ally Wargrak died
 15655 | Lair:1   | Found a sparkling altar of Nemelex Xobeh.
 16514 | Lair:1   | Reached skill level 15 in Axes
 16675 | Lair:1   | Reached **** piety under Beogh
 16878 | Lair:1   | Noticed Gastronok
 16889 | Lair:1   | Killed Gastronok
 17661 | Lair:2   | Noticed Erica
 17669 | Lair:2   | Noticed a five-headed hydra
 17680 | Lair:2   | Killed Erica
 17690 | Lair:2   | Killed a five-headed hydra
 18161 | Lair:2   | Noticed a six-headed hydra
 18168 | Lair:2   | Killed a six-headed hydra
 18168 | Lair:2   | Reached XP level 12. HP: 110/110 MP: 17/17
 18171 | Lair:2   | Reached skill level 16 in Axes
 18648 | Lair:3   | Reached skill level 10 in Armour
 18842 | Lair:3   | Noticed a death yak
 18843 | Lair:3   | Noticed a death yak
 18843 | Lair:3   | Noticed a death yak
 18844 | Lair:3   | Noticed a death yak
 18844 | Lair:3   | Noticed a death yak
 18844 | Lair:3   | Noticed a death yak
 18852 | Lair:3   | Killed a death yak
 19382 | Lair:3   | Killed a death yak
 19386 | Lair:3   | Killed a death yak
 19408 | Lair:2   | Killed a death yak
 19408 | Lair:2   | Gained Learuk as an ally
 19784 | Lair:3   | Killed a death yak
 19793 | Lair:3   | Killed a death yak
 20993 | Lair:4   | Reached skill level 17 in Axes
 21107 | Lair:4   | Noticed a death yak
 21112 | Lair:4   | Noticed a death yak
 21116 | Lair:4   | Noticed a death yak
 21118 | Lair:4   | Killed a death yak
 21118 | Lair:4   | Reached skill level 1 in Shields
 21132 | Lair:4   | Killed a death yak
 21534 | Lair:4   | Found a staircase to the Snake Pit.
 21599 | Lair:4   | Found a staircase to the Shoals.
 22087 | Lair:4   | Killed a death yak
 22133 | Lair:4   | Reached ***** piety under Beogh
 22420 | Lair:5   | Noticed a four-headed hydra
 22425 | Lair:5   | Killed a four-headed hydra
 22425 | Lair:5   | Reached XP level 13. HP: 114/118 MP: 20/20
 23015 | Lair:5   | Reached skill level 10 in Invocations
 23136 | Lair:5   | Reached skill level 18 in Axes
 23897 | Lair:6   | Entered Level 6 of the Lair of Beasts
 24087 | Lair:6   | Noticed Rupert
 24106 | Lair:6   | Killed Rupert
 24106 | Lair:6   | Reached skill level 5 in Shields
 24639 | Lair:6   | Found a runed translucent door.
 24639 | Lair:6   | Found a viscous altar of Jiyva.
 24640 | Lair:6   | Found a staircase to the Slime Pits.
 25010 | Lair:6   | Reached XP level 14. HP: 100/129 MP: 22/22
 25449 | Lair:6   | Reached ****** piety under Beogh
 26222 | D:11     | Noticed Psyche
 26229 | D:11     | Killed Psyche
 26579 | D:11     | Found a hazy altar of Hepliaklqana.
 26887 | D:11     | Noticed Urug
 27303 | D:11     | Found a staircase to the Orcish Mines.
 27640 | D:11     | Killed Urug
 27967 | D:11     | Identified the +6 dagger of Salt {flame, -Tele *Rage rN++
                  | Int+8} (You found it on level 8 of the Dungeon)
 27969 | Orc:1    | Entered Level 1 of the Orcish Mines
 28229 | Orc:1    | Found Tucresunt's Assorted Antiques.
 28523 | Orc:1    | Found Nefut's Weapon Emporium.
 28525 | Orc:1    | Found Caxkisyg's Weapon Boutique.
 28638 | Orc:2    | Entered Level 2 of the Orcish Mines
 28638 | Orc:2    | Found Zuzeadimi's Food Shop.
 28638 | Orc:2    | Found Divibur's Food Shoppe.
 28639 | Orc:2    | Found a staircase to the Elven Halls.
 28949 | Orc:2    | Found a roughly hewn altar of Beogh.
 28994 | Orc:2    | Found a roughly hewn altar of Beogh.
 29053 | Orc:2    | Found a roughly hewn altar of Beogh.
 29053 | Orc:2    | Found Baweyxti's Distillery.
 29116 | Orc:2    | Found a roughly hewn altar of Beogh.
 29144 | Orc:2    | Found a roughly hewn altar of Beogh.
 29145 | Orc:2    | Found Tulozepi's Jewellery Emporium.
 29158 | Orc:2    | Bought an uncursed ring of poison resistance for 220 gold
                  | pieces
 29158 | Orc:2    | Bought an uncursed ring of protection from magic for 275
                  | gold pieces
 29200 | Orc:2    | Found Ymibul's Distillery.
 29208 | Orc:2    | Bought a potion of heal wounds for 60 gold pieces
 29208 | Orc:2    | Bought a potion of heal wounds for 60 gold pieces
 29208 | Orc:2    | Bought a potion of heal wounds for 60 gold pieces
 29208 | Orc:2    | Bought a potion of heal wounds for 60 gold pieces
 29228 | Orc:2    | Found a roughly hewn altar of Beogh.
 29322 | Orc:2    | Found a roughly hewn altar of Beogh.
 29459 | Orc:2    | Noticed an orc warlord
 29478 | Orc:2    | Killed an orc warlord
 29481 | Orc:2    | Found Ecruosse's Antique Armour Emporium.
 29482 | Orc:2    | Found a roughly hewn altar of Beogh.
 29489 | Orc:2    | Found Lyucw's Antique Weapon Shoppe.
 29501 | Orc:2    | Bought a shiny helmet for 255 gold pieces
 29501 | Orc:2    | Bought a pair of spiked boots for 323 gold pieces
 29511 | Orc:2    | Identified the cursed +0 pair of boots "Vowiw" {Str+3} (You
                  | bought it in a shop on level 2 of the Orcish Mines)
 30499 | D:12     | Noticed Azrael
 30504 | D:12     | Was placed under penance by Beogh
 30507 | D:12     | HP: 4/132 [Learuk/tomahawk (11)]
 30510 | D:12     | Hit by a tomahawk thrown by Learuk

Skill      XL: |  1  2  3  4  5  6  7  8  9 10 11 12 13 14 |
---------------+-------------------------------------------+-----
Armour         | 1 2 3 4 5 7 8 9 10 11 12 | 12.9
Fighting       | 4 5 6 7 9 10 11 12 13 14 | 14.3
Axes           | 5 6 7 9 10 12 14 15 17 18 | 18.0
Invocations    | 5 7 9 11 12 | 12.8
Shields        | 2 5 8 |  8.0
Dodging        | |  2.4
Stealth        | |  1.5

Action                   |  1- 3 |  4- 6 |  7- 9 | 10-12 | 13-15 || total
-------------------------+-------+-------+-------+-------+-------++-------
Melee: Hand axe          |   118 |   261 |   723 |   342 |       ||  1444
       Unarmed           |       |       |    20 |       |       ||    20
       War axe           |       |       |       |   336 |   559 ||   895
       Flail             |       |       |       |    19 |    17 ||    36
Invok: Convert to Beogh  |       |       |     1 |       |       ||     1
       Smiting           |       |       |       |     2 |     6 ||     8
       Recall Orcish Fol |       |       |       |     2 |     1 ||     3
       Resurrection      |       |       |       |       |     1 ||     1
Evoke: Wand              |       |       |     5 |     7 |     1 ||    13
  Use: Scroll            |       |     5 |     4 |     4 |    12 ||    25
       Potion            |       |       |     2 |     3 |     1 ||     6
 Stab: Sleeping          |     1 |       |       |       |       ||     1
       Distracted        |       |       |     1 |     5 |     5 ||    11
       Confused          |       |       |       |       |     3 ||     3
  Eat: Chunk             |     1 |     9 |    22 |    13 |    15 ||    60
       Ration            |       |       |     2 |     7 |     3 ||    12
Armor: Robe              |     3 |       |       |       |       ||     3
       Ring mail         |    34 |     3 |       |       |       ||    37
       Chain mail        |       |   103 |   327 |   340 |       ||   770
       Skin              |       |       |    30 |       |       ||    30
       Plate armour      |       |       |       |   140 |   345 ||   485
Dodge: Dodged            |    51 |    22 |    70 |    68 |    83 ||   294
Block: Large shield      |    28 |   116 |   378 |   413 |   515 ||  1450
